 Dungeon Crawl Stone Soup version 0.23.2-40-g277498a001 (webtiles) character file.

Game seed: 6934419108888483600

3717 Fairytaker the Magician (level 9, -1/57 HPs)
             Began as a Mummy Fire Elementalist on Oct 5, 2019.
             Was an Initiate of Vehumet.
             Slain by FishyPogo's ghost (14 damage)
             ... on level 3 of the Dungeon.
             The game lasted 00:37:54 (11255 turns).

Fairytaker the Magician (Mummy Fire Elementalist)  Turns: 11255, Time: 00:37:54

Health: -1/57      AC: 13    Str: 12    XL:     9   Next: 92%
Magic:  17/20      EV: 13    Int: 17    God:    Vehumet [......]
Gold:   398        SH:  0    Dex: 12    Spells: 8/23 levels left

rFire    . . .     SeeInvis .   r - +3 spear (venom)
rCold    + . .     Gourm    .   (no shield)
rNeg     + + +     Faith    .   D - +0 steam dragon scales
rPois    ∞         Spirit   .   m - +0 helmet
rElec    .         Reflect  .   q - +2 cloak {MR+}
rCorr    .         Harm     .   (no gloves)
MR       ++...                  z - +1 pair of boots
Stlth    ++........             (no amulet)
HPRegen  0.19/turn              F - +2 ring of protection
MPRegen  0.17/turn              B - ring of protection from fire

@: very slightly contaminated
A: no food or potions, fire vulnerability, cold resistance 1, negative energy
resistance 3, torment resistance, unbreathing
a: Renounce Religion


You were on level 3 of the Dungeon.
You worshipped Vehumet.
Vehumet was noncommittal.
You were not hungry.

You visited 2 branches of the dungeon, and saw 8 of its levels.
You also visited: Ossuary.

You collected 398 gold pieces.

Inventory:

Hand Weapons
 e - a +0 dagger of speed
 n - a +3 quarterstaff of chaos
 r - a +3 spear of venom (weapon)
 y - a +0 long sword
Missiles
 p - 5 tomahawks (quivered)
 t - 2 javelins
Armour
 a - a +0 robe
 h - a +0 pair of boots
 l - a +0 cloak
 m - a +0 helmet (worn)
 q - a +2 cloak of magic resistance (worn)
 x - the +1 robe "Ilousefo" {Str+3}
   (You found it on level 4 of the Dungeon)

   It affects your strength (+3).
 z - a +1 pair of boots (worn)
 D - +0 steam dragon scales (worn)
Magical Staves
 C - an uncursed staff of summoning
Jewellery
 v - an uncursed ring of flight
 A - a cursed amulet of inaccuracy
 B - a ring of protection from fire (right hand)
 F - a +2 ring of protection (left hand)
Wands
 o - a wand of flame (18)
 G - a wand of polymorph (8)
Scrolls
 b - 3 scrolls of teleportation
 c - 3 scrolls of amnesia
 d - 2 scrolls of fog
 f - a scroll of identify
 g - 2 scrolls of enchant armour
 i - 2 scrolls of blinking
 j - 2 scrolls of noise {unknown}
 k - 2 scrolls of fear
 s - 3 scrolls of enchant weapon
 u - 2 scrolls of remove curse
 w - 2 scrolls of random uselessness {unknown}
 E - a scroll of torment {unknown}


   Skills:
 - Level 3.2 Dodging
 - Level 1.5 Stealth
 + Level 7.6 Spellcasting
 * Level 7.6 Conjurations
 * Level 7.6 Fire Magic


You had 8 spell levels left.
You knew the following spells:

 Your Spells              Type           Power        Failure   Level  Hunger
a - Flame Tongue          Conj/Fire      ####.        1%          1    N/A
b - Sticky Flame          Conj/Fire      ####....     4%          4    N/A
c - Fireball              Conj/Fire      ####......   13%         5    N/A
d - Blink                 Tloc           N/A          16%         2    N/A
e - Mephitic Cloud        Conj/Pois/Air  ###.....     12%         3    N/A

Your spell library contained the following spells:

 Spells                   Type           Power        Failure   Level  Hunger
 Magic Dart               Conj           ####         1%          1    N/A
 Throw Flame              Conj/Fire      ####..       1%          2    N/A
 Conjure Flame            Conj/Fire      ####....     1%          3    N/A
 Inner Flame              Hex/Fire       ###.....     7%          3    N/A
 Stone Arrow              Conj/Erth      ###...       7%          3    N/A
 Sandblast                Erth           #.....       11%         1    N/A
 Call Imp                 Summ           #.......     16%         2    N/A
 Passwall                 Tmut/Erth      #.......     16%         2    N/A
 Slow                     Hex            #.......     16%         2    N/A
 Petrify                  Tmut/Erth      #.......     71%         4    N/A
 Lee's Rapid Deconstruct  Erth           #.........   96%         5    N/A

Dungeon Overview and Level Annotations

Branches:
Dungeon (7/15)             Temple (1/1) D:7

Altars:
Ashenzari
Cheibriados
Dithmenos
Makhleb
Sif Muna
Trog
Vehumet

Annotations:
D:3 FishyPogo's ghost, amateur GnWn
D:7 1 runed translucent door, hallab's ghost, novice DrFi


Innate Abilities, Weirdness & Mutations

You do not eat or drink.
Your flesh is vulnerable to fire.
You are immune to poison.
Your flesh is cold resistant. (rC+)
You are immune to negative energy. (rN+++)
You are immune to unholy pain and torment.
You can survive without breathing.


Message History

You hit FishyPogo's ghost.
FishyPogo's ghost is moderately damaged.
FishyPogo's ghost hits you. x2
You hit FishyPogo's ghost.
FishyPogo's ghost is moderately damaged.
FishyPogo's ghost barely misses you.
You hit FishyPogo's ghost.
FishyPogo's ghost is heavily damaged.
FishyPogo's ghost misses you.
You hit FishyPogo's ghost.
FishyPogo's ghost is heavily damaged.
FishyPogo's ghost hits you.
You hit FishyPogo's ghost.
FishyPogo's ghost is heavily damaged.
FishyPogo's ghost hits you!
* * * LOW HITPOINT WARNING * * *
FishyPogo's ghost closely misses you.
There is a stone staircase leading up here.
FishyPogo's ghost hits you!
You die...

..............#..#
.........)....#..#
..............#..#
.................#
...............#.#
...............#.#
...........###.#.#
...........# #.#.#
.#.........# #.#@#
...........# #.#W#
##.........###.#.#
.#...........#.#.#
...........#...#.#
..........!.#..#.#
...............#.#
............#..#.#
...###.........#.#


You could see FishyPogo's ghost.

Vanquished Creatures
  A hippogriff (D:7)
  Eustachio (D:5)
  2 steam dragons (D:7)
  Menkaure (D:5)
  A water moccasin (D:6)
  2 ice beasts (D:7)
  2 sky beasts
  2 centaurs
  An ogre (D:6)
  An elf zombie (Ossuary)
  5 bullfrogs
  2 scorpions
  A troll zombie (Ossuary)
  6 killer bees (D:6)
  7 crimson imps
  2 hounds (D:6)
  A jelly (D:7)
  7 orc wizards
  An orc priest (D:4)
  Crazy Yiuf (D:2)
  2 bullfrog skeletons
  A centaur skeleton (D:4)
  Terence (D:3)
  Natasha (thrice) (D:2)
  An iguana (D:4)
  7 worker ants
  A killer bee zombie (D:7)
  4 ogre zombies (Ossuary)
  A hound skeleton (D:6)
  7 mummies (Ossuary)
  A howler monkey zombie (D:5)
  Robin (D:4)
  12 gnolls
  10 adders
  A howler monkey skeleton (D:4)
  A shadow imp (D:5)
  5 adder zombies (Ossuary)
  An adder skeleton (D:5)
  A worm (D:3)
  2 dart slugs
  4 leopard geckos
  21 orcs
  4 giant cockroaches
  17 goblins
  11 hobgoblins
  3 jackals (D:1)
  3 quokkas
  4 bats
  6 frilled lizards
  5 goblin zombies (Ossuary)
  5 hobgoblin zombies (Ossuary)
  6 kobolds
  3 kobold zombies (Ossuary)
  A leopard gecko skeleton (D:7)
  A quokka skeleton (D:4)
  3 quokka zombies (Ossuary)
  5 rats
  3 rat zombies (Ossuary)
215 creatures vanquished.

Notes
Turn   | Place    | Note
-------+----------+-------------------------------------------
     0 | D:1      | Fairytaker the Mummy Fire Elementalist began the quest for
                  | the Orb.
     0 | D:1      | Reached XP level 1. HP: 13/13 MP: 4/4
   100 | D:1      | Reached skill level 1 in Conjurations
   413 | D:1      | Reached XP level 2. HP: 12/19 MP: 0/5
  1715 | D:2      | Noticed Natasha
  1728 | D:2      | Reached XP level 3. HP: 24/24 MP: 4/7
  2159 | D:2      | Reached XP level 4. HP: 23/30 MP: 1/8
  2327 | D:2      | Found a runed translucent door.
  2328 | D:2      | Noticed Crazy Yiuf
  2340 | D:2      | Learned a level 4 spell: Sticky Flame
  2515 | D:3      | Noticed Terence
  2551 | D:3      | Killed Terence
  3087 | D:3      | Reached XP level 5. HP: 35/35 MP: 6/9
  3369 | D:3      | Noticed FishyPogo's ghost (amateur GnWn)
  3518 | D:3      | Found a runed translucent door.
  3632 | D:2      | Killed Natasha
  3815 | D:2      | Killed Crazy Yiuf
  3969 | D:2      | Noticed Natasha
  3981 | D:2      | Killed Natasha
  4258 | D:2      | Noticed Natasha
  4267 | D:2      | Killed Natasha
  4487 | D:4      | Reached XP level 6. HP: 30/41 MP: 7/11
  5821 | D:4      | Noticed Robin
  5824 | D:4      | Killed Robin
  5824 | D:4      | Reached XP level 7. HP: 46/46 MP: 5/13
  6313 | D:4      | Got an ominously black robe
  6324 | D:4      | Identified the cursed +1 robe "Ilousefo" {Str+3} (You found
                  | it on level 4 of the Dungeon)
  6425 | D:5      | Entered Level 5 of the Dungeon
  6540 | D:5      | Noticed Eustachio
  6540 | D:5      | Noticed Menkaure
  6671 | D:5      | Killed Eustachio
  6788 | D:5      | Killed Menkaure
  6788 | D:5      | Reached skill level 5 in Spellcasting
  6797 | D:5      | Reached XP level 8. HP: 25/52 MP: 3/15
  6818 | D:5      | Learned a level 5 spell: Fireball
  6991 | D:5      | Reached skill level 5 in Conjurations
  7317 | D:6      | Reached skill level 5 in Fire Magic
  7610 | D:6      | Found a sand-covered staircase.
  7619 | Ossuary  | Entered an ossuary
  8971 | D:6      | Reached XP level 9. HP: 46/57 MP: 12/18
  9695 | D:6      | Learned a level 2 spell: Blink
  9699 | D:6      | Learned a level 3 spell: Mephitic Cloud
 10827 | D:7      | Found a staircase to the Ecumenical Temple.
 10838 | Temple   | Entered the Ecumenical Temple
 10875 | Temple   | Became a worshipper of Vehumet
 11056 | D:7      | Noticed hallab's ghost (novice DrFi)
 11060 | D:7      | Found a runed translucent door.
 11255 | D:3      | Slain by FishyPogo's ghost

Skill      XL: |  1  2  3  4  5  6  7  8  9 |
---------------+----------------------------+-----
Conjurations   | 1 2 3 4 6 7 |  7.6
Dodging        | 2 3 |  3.2
Spellcasting   | 3 4 5 6 7 |  7.6
Fire Magic     | 3 4 6 7 |  7.6
Stealth        | |  1.5

Action                   |  1- 3 |  4- 6 |  7- 9 || total
-------------------------+-------+-------+-------++-------
Melee: Unarmed           |    24 |       |       ||    24
       Dagger            |    26 |    10 |       ||    36
       Spear             |       |     5 |   240 ||   245
Throw: Tomahawk          |       |     1 |     2 ||     3
 Cast: Flame Tongue      |    71 |   168 |   119 ||   358
       Sticky Flame      |       |     1 |    43 ||    44
       Fireball          |       |       |     3 ||     3
Evoke: Wand              |       |       |     1 ||     1
  Use: Scroll            |       |     2 |     8 ||    10
 Stab: Sleeping          |       |       |     9 ||     9
       Distracted        |       |       |     1 ||     1
Armor: Robe              |    10 |    13 |    60 ||    83
       Steam dragon scal |       |       |     4 ||     4
Dodge: Dodged            |    57 |    61 |   196 ||   314
